 Dungeon Crawl Stone Soup version 0.19.1 (webtiles) character file.

58 Dfrag the Firebug (level 3, -8/24 HPs)
             Began as a Demonspawn Fire Elementalist on Nov 29, 2016.
             Mangled by Sigmund
             ... wielding a +0 scythe of protection
              (13 damage)
             ... on level 2 of the Dungeon.
             The game lasted 00:02:24 (1219 turns).

Dfrag the Firebug (Demonspawn Fire Elementalist)    Turns: 1219, Time: 00:02:25

Health: -8/24      AC:  4    Str:  8    XL:     3   Next: 76%
Magic:  6/7        EV: 12    Int: 17    God:
Gold:   32         SH:  0    Dex: 13    Spells: 1 memorised, 6 levels left

rFire  . . .     SeeInvis .     (no weapon)
rCold  . . .     Gourm    .     a - +0 robe
rNeg   . . .     Faith    .     (no shield)
rPois  .         Spirit   .     (no helmet)
rElec  .         Reflect  .     f - +0 cloak
rCorr  .         Harm     .     (no gloves)
MR     .....                    (no boots)
Stlth  +.........               (no amulet)
                                (no ring)
                                (no ring)

@: confused
A: rugged brown scales 1, spiny 1
a: no special abilities


You were on level 2 of the Dungeon.
You were not hungry.

You visited 1 branch of the dungeon, and saw 2 of its levels.

You collected 32 gold pieces.

Inventory:

Armour
 a - a +0 robe (worn)
 f - a +0 cloak (worn)
Scrolls
 h - a scroll of remove curse {unknown}
 m - a scroll of recharging {unknown}
Potions
 e - a potion of mutation {unknown}
 i - a potion of lignification {unknown}
 j - a potion of might {unknown}
 k - a potion of brilliance {unknown}
 l - a potion of curing {unknown}
 n - a potion of flight {unknown}
Books
 b - a book of Flames

   Spells                             Type                      Level
   a - Flame Tongue                   Conjuration/Fire             1
   b - Throw Flame                    Conjuration/Fire             2
   c - Conjure Flame                  Conjuration/Fire             3
   d - Inner Flame                    Hexes/Fire                   3
   e - Sticky Flame                   Conjuration/Fire             4
   f - Fireball                       Conjuration/Fire             5
Comestibles
 c - a bread ration
 g - 3 fruits
 o - 3 chunks of flesh


   Skills:
 - Level 1.7 Dodging
 - Level 1.7 Stealth
 + Level 2.8 Spellcasting
 + Level 2.1 Conjurations
 + Level 3.2 Fire Magic


You had 6 spell levels left.
You knew the following spells:

 Your Spells              Type           Power        Failure   Level  Hunger
a - Flame Tongue          Conj/Fire      ##...        10%         1    #......


Dungeon Overview and Level Annotations

Branches:
Dungeon (2/15)

Altars:

Annotations:
D:2 Sigmund


Innate Abilities, Weirdness & Mutations

You are partially covered in rugged brown scales. (AC +1, +3% HP)
You are partially covered in sharp spines.


Message History

You are confused.
Something hits you!
* * * LOW HITPOINT WARNING * * *
You're too confused to cast spells.
Unknown command.
Unknown command.
It was a potion of heal wounds.
You feel much better. Something hits you but does no damage.
You're too confused to cast spells.
Unknown command.
Unknown command.
You hear some strange, mumbled words.
A magic dart appears from out of thin air!
The magic dart hits you! Something hits you!
Ouch! That really hurt!
* * * LOW HITPOINT WARNING * * *
You barely miss something. Something barely misses you.
You bump into the rock wall.
Something hits you!
Ouch! That really hurt!
You die...

..####.####.# .
##.## #†#
...###...###.##
..........#.#.##
..####...#.###.#
........###.#..#
#.#####.# ##.#.#
#.# ###.#
#.#####@# #.#
........# #.#
..#####........#
#.######## #.#
#.# ..# ###


There were no monsters in sight!

Vanquished Creatures
  2 adders (D:2)
  A gnoll (D:2)
  2 leopard geckos
  3 bats
  A giant cockroach (D:1)
  A goblin (D:2)
  A hobgoblin (D:1)
  6 jackals (D:1)
  6 kobolds (D:1)
  3 frilled lizards
  2 rats (D:1)
28 creatures vanquished.

Notes
Turn   | Place    | Note
-------+----------+-------------------------------------------
     0 | D:1      | Dfrag the Demonspawn Fire Elementalist began the quest for the Orb.
     0 | D:1      | Reached XP level 1. HP: 13/13 MP: 3/3
   124 | D:1      | Reached skill level 3 in Fire Magic
   224 | D:1      | Gained mutation: You are partially covered in rugged brown scales. (AC +1, +3% HP) [demonic ancestry]
   224 | D:1      | Reached XP level 2. HP: 1/19 MP: 0/5
  1099 | D:2      | Noticed Sigmund
  1116 | D:2      | Gained mutation: You are partially covered in sharp spines. [demonic ancestry]
  1116 | D:2      | Reached XP level 3. HP: 23/24 MP: 0/6
  1219 | D:2      | Mangled by Sigmund

Skill      XL: |  1  2  3 |
---------------+----------+-----
Fire Magic     | 3 |  3.2
Conjurations   | 2 |  2.1
Dodging        | |  1.7
Stealth        | |  1.7
Spellcasting   | |  2.8

Action                   || total
-------------------------++-------
Melee: Unarmed           ||    54
 Cast: Flame Tongue      ||    45
  Use: Potion            ||     1
  Eat: Chunk             ||     2
Armor: Robe              ||    36
Dodge: Dodged            ||    64
